[Event "Team 45 45 League T50"]
[Site "Internet Chess Club"]
[Date "2011.08.14"]
[Round "1"]
[White "drsigmund1"]
[Black "stan-beers"]
[Result "1-0"]
[WhiteElo "1452"]
[BlackElo "1454"]
[Opening "King's pawn opening"]
[ECO "B07"]
[Time "20:00:16"]
[TimeControl "2700+45"]

1. e4 d6 2. f4 Nd7 3. Nf3 Ngf6 4. Nc3 e5 5. d3 c6 6. Be2 Qc7 7. O-O Be7 8. Qe1
Nc5 9. f5 a6 10. Qg3 Rg8 11. b4 Ncd7 12. d4 d5 13. dxe5 Nxe4 14. Nxe4 dxe4 15.
Ng5 Bxg5 16. Bxg5 Qxe5 17. Qe3 Nf6 18. Bf4 Qxf5 19. Bg3 Qe6 20. Qd4 Bd7 21. Bc4
Nd5 22. Rae1 e3 23. Bxd5 Qxd5 24. Rxe3+ Be6 25. Qb6 Qd2 26. Bd6 Qxd6 27. Rd3 Qe7
28. Rfd1 h5 29. c4 g5 30. a4 Rg6 31. b5 c5 32. bxa6 bxa6 33. Qc6+ Kf8 34. Qxa8+
Kg7 35. Qxa6 h4 36. Qd6 Qa7 37. Qe5+ Rf6 38. Qxg5+ Rg6 39. Qxh4 Qa8 40. Rg3 Qxa4
41. Rxg6+ fxg6 42. Qe7+ Bf7 43. Qe5+ Kh7 44. Qe2 Qb3 45. Qd3 Qa2 46. Rc1 Qa6 47.
Qd7 Qf6 48. Rf1 Qxf1+ 49. Kxf1 Kg7 50. Ke1 Kf6 51. Qd6+ Be6 52. Qxc5 g5 53. Qd4+
Kg6 54. c5 Bf5 55. c6 {Black resigns} 1-0

[Event "Team 45 45 League T50"]
[Site "Internet Chess Club"]
[Date "2011.08.13"]
[Round "1"]
[White "Risto"]
[Black "Cicero"]
[Result "1-0"]
[WhiteElo "1318"]
[BlackElo "1357"]
[Opening "Sicilian defense"]
[ECO "B34"]
[Time "14:00:49"]
[TimeControl "2700+45"]

1. e4 c5 2. Nf3 Nc6 3. d4 cxd4 4. Nxd4 g6 5. Be2 Bg7 6. Nxc6 bxc6 7. O-O d6 8.
c3 Bb7 9. Be3 Nf6 10. Nd2 d5 11. exd5 cxd5 12. Bb5+ Nd7 13. Qa4 a6 14. Bxd7+
Qxd7 15. Qxd7+ Kxd7 16. Rfe1 e5 17. Rad1 Ke6 18. Nb3 Kf5 19. f3 Bc8 20. Rxd5 Ke6
21. Red1 f5 22. Rd6+ Kf7 23. Rc6 Ra7 24. Bxa7 a5 25. Rc7+ {Black resigns} 1-0

[Event "Team 45 45 League T50"]
[Site "Internet Chess Club"]
[Date "2011.08.12"]
[Round "1"]
[White "jjaillet2007"]
[Black "Fogbound"]
[Result "1-0"]
[WhiteElo "1350"]
[BlackElo "1352"]
[Opening "Dutch defense"]
[ECO "A40"]
[Time "05:30:06"]
[TimeControl "2700+45"]

1. d4 e6 2. c4 f5 3. Nf3 Nf6 4. Bg5 Be7 5. Nc3 O-O 6. e3 d6 7. Bd3 a6 8. O-O
Nbd7 9. Re1 b5 10. cxb5 Bb7 11. bxa6 Bxa6 12. e4 Ng4 13. Bxe7 Qxe7 14. h3 Nh6
15. exf5 Bxd3 16. Rxe6 Qf7 17. Qxd3 Qxf5 18. Qxf5 Nxf5 19. Nd5 Ra7 20. Ne7+ Nxe7
21. Rxe7 Nf6 22. Ng5 Raa8 23. Rxc7 Rae8 24. Rac1 h6 25. Nf3 Nd5 26. Rd7 Nf4 27.
Re1 Ne2+ 28. Kf1 Nf4 29. Ree7 Ne6 30. d5 Rxe7 31. Rxe7 Nf4 32. b4 Nxd5 33. Rb7
Rf4 34. b5 Rb4 35. a3 Rb1+ 36. Ke2 Nc3+ 37. Kd3 Rb3 38. Kc4 Rxa3 39. b6 d5+ 40.
Kb4 Nb1 41. Ra7 Rc3 42. b7 Rc4+ 43. Kb3 Rc3+ 44. Kb2 {Black resigns} 1-0

[Event "Team 45 45 League T50"]
[Site "Internet Chess Club"]
[Date "2011.08.13"]
[Round "1"]
[White "medsurg"]
[Black "Just-Jim"]
[Result "0-1"]
[WhiteElo "1325"]
[BlackElo "1381"]
[Opening "Philidor's defense"]
[ECO "C41"]
[Time "16:00:12"]
[TimeControl "2700+45"]

1. e4 e5 2. Nf3 d6 3. Bc4 h6 4. h3 Nf6 5. d3 a6 6. c3 Nc6 7. Be3 Na5 8. Bb3 Be7
9. Bc2 c5 10. b4 cxb4 11. cxb4 Nc6 12. a3 O-O 13. Nbd2 d5 14. d4 exd4 15. Nxd4
Nxd4 16. Bxd4 dxe4 17. Nxe4 Re8 18. O-O Nxe4 19. Bxe4 f5 20. Bc2 Qd6 21. Re1 b6
22. Qd3 Rd8 23. Rad1 Bf6 24. Bxf6 Qxd3 25. Rxd3 Rxd3 26. Bxd3 gxf6 27. Re8+ Kf7
28. Rf8+ {White resigns} 0-1

[Event "Team 45 45 League T50"]
[Site "Internet Chess Club"]
[Date "2011.08.16"]
[Round "1"]
[White "guyd52"]
[Black "Aquaman"]
[Result "1-0"]
[WhiteElo "1225"]
[BlackElo "1242"]
[Opening "Réti: King's Indian attack, Pachman system"]
[ECO "A04"]
[Time "16:00:11"]
[TimeControl "2700+45"]

1. Nf3 g6 2. g3 Bg7 3. Bg2 e5 4. d3 d5 5. O-O Ne7 6. Nbd2 O-O 7. c3 c5 8. e4
Nbc6 9. Re1 h6 10. exd5 Nxd5 11. Nc4 Re8 12. Be3 Nxe3 13. Rxe3 Qc7 14. Qd2 Bg4
15. Rae1 f6 16. a3 Bxf3 17. Bxf3 Rad8 18. b4 b5 19. Nb2 cxb4 20. axb4 a6 21. Be4
f5 22. Bg2 e4 23. Qc2 Nxb4 24. Qb3+ Nd5 25. dxe4 fxe4 26. Bxe4 Qd6 27. Bxd5+
Qxd5 28. Qxd5+ Rxd5 29. Rxe8+ Bf8 30. R8e6 Kg7 31. Rxa6 Rc5 32. Rb6 Rf5 33. Rb7+
Kg8 34. Nd3 Bg7 35. Re8+ Kh7 36. Re5 Rf8 37. Rexb5 Kg8 38. c4 h5 39. R7b6 Kh7
40. Nf4 Bd4 41. Rxg6 Rxf4 42. gxf4 Kxg6 43. Kg2 h4 44. c5 Bf6 45. c6 Bd8 46. Rc5
Bc7 47. Kh3 Kf6 48. Kxh4 Ke6 49. Kg5 Kd6 50. Rc4 Kd5 51. Rc3 Ke4 52. f5 Kd5 53.
h3 Kd4 54. Rc2 Kd3 55. Rc1 Ke4 56. Kg6 Kd5 57. f6 Kd6 58. f7 Ke7 59. Kg7 Be5+
60. Kg8 {Black resigns} 1-0

[Event "Team 45 45 League T50"]
[Site "Internet Chess Club"]
[Date "2011.08.14"]
[Round "1"]
[White "theartist"]
[Black "carolinaknight"]
[Result "1-0"]
[WhiteElo "1218"]
[BlackElo "1305"]
[Opening "Bogo-Indian defense, Nimzovich variation"]
[ECO "E11"]
[Time "14:01:41"]
[TimeControl "2700+45"]

1. d4 e6 2. c4 Nf6 3. Nf3 Bb4+ 4. Bd2 Qe7 5. g3 b6 6. Bg2 Bb7 7. O-O O-O 8. Nc3
d5 9. cxd5 Bxc3 10. Bxc3 Bxd5 11. Re1 Nc6 12. Nd2 Bxg2 13. Kxg2 Rfd8 14. Qa4 Qd6
15. Nf3 Qd5 16. Rad1 Ne4 17. Rd3 h6 18. Red1 Ng5 19. Kf1 Ne4 20. Be1 Rd6 21. Qb3
Qh5 22. d5 Ne5 23. Rd4 Qh3+ 24. Kg1 Qf5 25. dxe6 Nxf3+ 26. Qxf3 Qxf3 27. exf3
Nf6 28. Rxd6 cxd6 29. Rxd6 fxe6 30. Rxe6 Kf7 31. Rc6 Nd5 32. Rd6 Nf6 33. Bc3 Re8
34. Bxf6 Re1+ 35. Kg2 gxf6 36. Rd7+ Re7 37. Rxe7+ Kxe7 38. g4 Ke6 39. f4 Kd5 40.
Kf3 b5 41. h4 a5 42. g5 fxg5 43. fxg5 {Black resigns} 1-0

[Event "Team 45 45 League T50"]
[Site "Internet Chess Club"]
[Date "2011.08.15"]
[Round "1"]
[White "wekabird"]
[Black "Docvan"]
[Result "1-0"]
[WhiteElo "1088"]
[BlackElo "1032"]
[Opening "English: Sicilian reversed"]
[ECO "A25"]
[Time "20:00:16"]
[TimeControl "2700+45"]

1. c4 e5 2. Nc3 Nc6 3. e4 Bb4 4. d3 f5 5. a3 Bxc3+ 6. bxc3 Nf6 7. exf5 d6 8. Nf3
h6 9. h3 Bxf5 10. g3 Qd7 11. Bg2 e4 12. dxe4 Bxe4 13. O-O Qe6 14. Re1 Qxc4 15.
Bb2 Ne7 16. Nd2 Qc6 17. Nxe4 d5 18. Nxf6+ Qxf6 19. Qxd5 c6 20. Qb3 O-O-O 21. c4
Rd2 22. Bxf6 gxf6 23. Qe3 {Black resigns} 1-0

[Event "Team 45 45 League T50"]
[Site "Internet Chess Club"]
[Date "2011.08.13"]
[Round "1"]
[White "bishop10186"]
[Black "houseofcook"]
[Result "1-0"]
[WhiteElo "1201"]
[BlackElo "1403"]
[Opening "French: advance, Nimzovich system"]
[ECO "C02"]
[Time "14:00:27"]
[TimeControl "2700+45"]

1. e4 e6 2. d4 d5 3. e5 c5 4. Nf3 Nc6 5. Bb5 Bd7 6. Bxc6 bxc6 7. c3 cxd4 8. cxd4
c5 9. O-O cxd4 10. Nxd4 Qc7 11. Re1 Ne7 12. Nc3 Ng6 13. Nf3 Be7 14. Qd3 O-O 15.
a3 Rac8 16. Bd2 Qb8 17. b4 Qb7 18. Ne2 f6 19. Ng3 fxe5 20. Nxe5 Nxe5 21. Rxe5
Bf6 22. Rae1 Bxe5 23. Rxe5 Rf7 24. h4 Rcf8 25. Be3 a6 26. h5 Rc8 27. h6 g6 28.
Bg5 Bb5 29. Qe3 Qc7 30. Rxe6 Qc3 31. Qe5 Qxe5 32. Rxe5 d4 33. Rd5 d3 34. a4 Bc4
35. Rd6 Rcf8 36. Ne4 Rf5 37. f3 Kf7 38. Rd7+ Ke8 39. Rxh7 Rxg5 40. Nd6+ Kd8 41.
Nxc4 Rd5 42. Rg7 Rd7 43. Rxg6 d2 44. Nxd2 Rxd2 45. h7 Kc7 46. Rg8 Rd1+ 47. Kh2
Rxg8 48. hxg8=Q Rd7 49. Qc4+ Kb7 50. g4 Rd2+ 51. Kg3 Rd7 52. a5 Rc7 53. Qxc7+
Kxc7 54. Kf4 Kc6 55. g5 Kb5 56. g6 {Black resigns} 1-0

[Event "Team 45 45 League T50"]
[Site "Internet Chess Club"]
[Date "2011.08.14"]
[Round "1"]
[White "dabodhi"]
[Black "sockmonkey"]
[Result "0-1"]
[WhiteElo "1181"]
[BlackElo "1268"]
[Opening "Caro-Kann: exchange variation"]
[ECO "B13"]
[Time "12:00:23"]
[TimeControl "2700+45"]

1. e4 c6 2. d4 d5 3. exd5 cxd5 4. Bd3 Nc6 5. c3 g6 6. Nf3 Bg7 7. O-O Nh6 8. Re1
O-O 9. Bf4 f6 10. h3 Nf7 11. Na3 e5 12. dxe5 fxe5 13. Nxe5 Nfxe5 14. Bxe5 Nxe5
15. Bc2 Nc4 16. Nb5 Nxb2 17. Qd2 Nc4 18. Qc1 a6 19. Nd4 h6 20. Bxg6 Qg5 21. Bd3
Qxc1 22. Raxc1 Bxd4 23. cxd4 Bf5 24. Bxc4 dxc4 25. Rxc4 Rfc8 26. Rb4 b5 27. Re7
Rc1+ 28. Kh2 Rb1 29. Rxb1 Bxb1 30. Kg3 Bxa2 31. Kf4 b4 32. Rb7 b3 33. d5 Kf8 34.
Ke5 Ke8 35. d6 Rd8 36. Re7+ Kf8 37. Rb7 a5 38. Rb6 a4 39. Kf6 a3 40. Rb7 b2 41.
Rf7+ Ke8 42. Kg7 Bxf7 {White resigns} 0-1

[Event "Team 45 45 League T50"]
[Site "Internet Chess Club"]
[Date "2011.08.10"]
[Round "1"]
[White "tc622"]
[Black "bhandelman"]
[Result "1-0"]
[WhiteElo "1155"]
[BlackElo "1130"]
[Opening "Petrov: Damiano variation"]
[ECO "C42"]
[Time "23:00:05"]
[TimeControl "2700+45"]

1. e4 e5 2. Nf3 Nf6 3. Nxe5 Nxe4 4. Qe2 d5 5. d3 f6 6. Nf3 Bf5 7. dxe4 dxe4 8.
Qb5+ Bd7 9. Qxb7 Bc6 10. Qb3 exf3 11. gxf3 Qd5 12. Qxd5 Bxd5 13. Be2 Bc5 14. Nc3
c6 15. Nxd5 cxd5 16. Be3 d4 17. Bf4 O-O 18. Bc4+ Kh8 19. Bd5 Bb4+ 20. Bd2 Re8+
21. Kd1 Na6 22. Bxa8 Rxa8 23. a3 Bxd2 24. Kxd2 Nc5 25. b4 Na4 26. Rhe1 g5 27.
Re6 Kg7 28. Rae1 a5 29. Re8 Ra6 30. R1e6 Nb6 31. b5 Nc4+ 32. Kd3 Rxe6 33. Rxe6
Kf7 34. Ra6 Ne5+ 35. Kxd4 Nxf3+ 36. Kc5 Ke7 37. Kc6 Nd4+ 38. Kb6 Kd6 39. Kb7+
Kc5 40. b6 Kb5 41. Ra8 Nc6 42. Kc7 h5 43. b7 Kc5 44. Rxa5+ Nxa5 45. b8=Q Nc6 46.
Qb6+ Kd5 47. Qxc6+ Kd4 48. Kd6 {Black resigns} 1-0

[Event "Team 45 45 League T50"]
[Site "Internet Chess Club"]
[Date "2011.08.21"]
[Round "1"]
[White "wildcat2023"]
[Black "kid6988"]
[Result "0-1"]
[WhiteElo "1338"]
[BlackElo "1532"]
[Opening "Giuoco Pianissimo: Italian four knights variation"]
[ECO "C46"]
[Time "17:13:59"]
[TimeControl "2700+45"]

1. e4 e5 2. Nf3 Nc6 3. Nc3 Bc5 4. Bc4 Nf6 5. d3 h6 6. O-O d6 7. Nd5 Bg4 8. Bb5
a6 9. Bxc6+ bxc6 10. Nxf6+ Qxf6 11. Be3 Bxf3 12. Qxf3 Qxf3 13. gxf3 Bb6 14. Bd2
O-O 15. Kg2 f5 16. Rg1 Rae8 17. f4 exf4 18. Bxf4 fxe4 19. Bd2 Rxf2+ 20. Kh3 Rxd2
21. Rg3 e3 22. Rag1 Re7 23. Re1 Rf7 24. a4 e2 25. Rg2 Rf2 26. Rxf2 Bxf2 27. Ra1
e1=Q 28. Rxe1 Bxe1 29. c4 Rxd3+ 30. Kg4 Rd4+ 31. Kf3 Rxc4 32. Ke2 Rxa4 33. Kxe1
Ra2 34. b4 Kf7 35. h4 Ke6 36. h5 Ke5 37. b5 axb5 38. Kf1 Kd4 39. Ke1 Kd3 40. Kd1
Ra1# {White checkmated} 0-1

[Event "Team 45 45 League T50"]
[Site "Internet Chess Club"]
[Date "2011.08.11"]
[Round "1"]
[White "kingsleywang"]
[Black "iceface"]
[Result "0-1"]
[WhiteElo "1362"]
[BlackElo "1368"]
[Opening "Ruy Lopez: Graz variation"]
[ECO "C70"]
[Time "20:10:05"]
[TimeControl "2700+45"]

1. e4 e5 2. Nf3 Nc6 3. Bb5 a6 4. Ba4 b5 5. Bb3 Bc5 6. O-O d6 7. h3 Nf6 8. Re1
O-O 9. c3 Be6 10. Bxe6 fxe6 11. d4 exd4 12. cxd4 Bb4 13. Bd2 Bxd2 14. Qxd2 Nd7
15. Nc3 e5 16. d5 Ne7 17. Rac1 Qe8 18. Qg5 h6 19. Qg3 Nf6 20. Nh4 Nh5 21. Qg4
Kh8 22. Ne2 Nf6 23. Qf3 Nfxd5 24. Qd3 Nf4 25. Nxf4 Rxf4 26. g3 Rf8 27. Rxc7 Qd8
28. Rcc1 Qb6 29. Qe3 Qb7 30. Red1 Qd7 31. Kh2 Qe6 32. b3 d5 33. Kg2 d4 34. Qe2
Rac8 35. Rxc8 Rxc8 36. Qd2 Qf6 37. Rc1 Rxc1 38. Qxc1 Qc6 39. Qxc6 Nxc6 40. Kf1
Kg8 41. Ke2 Kf7 42. Kd3 a5 43. Ke2 Nb4 44. a3 Nc2 45. a4 bxa4 46. bxa4 Nb4 47.
Nf3 Kf6 48. Kd2 Na6 49. Kd3 Nc5+ 50. Kc4 Nxa4 51. Kb5 Nc3+ 52. Kxa5 Nxe4 53. Kb5
Nxf2 54. Kc5 Kf5 55. Kd5 d3 56. Nd2 Nxh3 57. Kc4 Nf2 58. Kc3 e4 59. Kd4 g5 60.
Ke3 Nd1+ 61. Kd4 e3 62. Nf1 e2 63. Ne3+ Nxe3 64. Kxe3 e1=Q+ 65. Kxd3 Qxg3+ 66.
Kd4 Qe5+ 67. Kd3 Qe4+ 68. Kc3 Qd5 69. Kc2 Ke4 70. Kc3 Qd6 71. Kc4 Qc6+ 72. Kb3
Kd4 73. Kb2 Kd3 74. Kb1 Qc2+ 75. Ka1 Qf2 76. Kb1 Kc3 77. Ka1 Qb2# {White
checkmated} 0-1

[Event "Team 45 45 League T50"]
[Site "Internet Chess Club"]
[Date "2011.08.16"]
[Round "1"]
[White "joshq03"]
[Black "Deadly-Spike"]
[Result "1/2-1/2"]
[WhiteElo "1279"]
[BlackElo "1306"]
[Opening "Sicilian: Alapin's variation (2.c3)"]
[ECO "B22"]
[Time "19:01:18"]
[TimeControl "2700+45"]

1. e4 c5 2. c3 d6 3. d4 cxd4 4. cxd4 Nf6 5. Bd3 Nc6 6. Be3 e6 7. f4 Nb4 8. Bb5+
Bd7 9. Bxd7+ Qxd7 10. Nc3 Be7 11. a3 Nc6 12. Nf3 Ng4 13. Qe2 Nxe3 14. Qxe3 O-O
15. O-O Rfe8 16. Rae1 e5 17. dxe5 dxe5 18. Rd1 Qc7 19. Nd5 exf4 20. Nxc7 fxe3
21. Rfe1 Bc5 22. Rd7 Red8 23. Rxd8+ Rxd8 24. b4 e2+ 25. bxc5 Rd1 26. Kf2 Rxe1
27. Kxe1 Kf8 28. Kxe2 Ke7 29. Kd3 Nd8 30. Ng5 h6 31. Nd5+ Kf8 32. Nf3 Kg8 33.
Ne5 Kf8 34. Ke3 Ne6 35. c6 bxc6 36. Nxc6 a6 37. Kf3 f6 38. Kg4 Nc5 39. Kf5 Nd3
40. g4 Nc5 41. e5 fxe5 42. Kxe5 Nd3+ 43. Kf5 Nb2 44. Nc7 Nc4 45. Nxa6 Nxa3 46.
Ne5 Nb5 47. Nc5 Nd6+ 48. Ke6 Nb5 49. Ncd7+ Kg8 50. Ng6 Nd4+ 51. Kd6 Nf3 52. Ke7
Nxh2 53. Nge5 Nf1 54. Nc5 Ne3 55. Ke6 Ng2 56. Kf5 Ne3+ 57. Kg6 Ng2 58. Ne6 Nh4+
59. Kh5 Ng2 60. Nf3 Ne3 61. Ne5 Nd5 62. Kg6 Ne3 63. Nxg7 Nxg4 64. Nxg4 h5 65.
Nxh5 Kf8 66. Ne5 Ke7 67. Ng7 Kd6 68. Nf7+ Kd5 69. Kf6 {Game drawn by mutual
agreement} 1/2-1/2

[Event "Team 45 45 League T50"]
[Site "Internet Chess Club"]
[Date "2011.08.12"]
[Round "1"]
[White "XGG123"]
[Black "Goldenberg"]
[Result "0-1"]
[WhiteElo "1152"]
[BlackElo "1288"]
[Opening "Sicilian: Hungarian variation"]
[ECO "B34"]
[Time "13:00:15"]
[TimeControl "2700+45"]

1. e4 c5 2. Nf3 g6 3. d4 cxd4 4. Nxd4 Nc6 5. Be3 Bg7 6. Nc3 Nf6 7. h3 O-O 8. Bc4
e6 9. O-O d5 10. exd5 exd5 11. Bd3 a6 12. Bg5 h6 13. Bh4 Nxd4 14. Re1 Nc6 15.
Qe2 Qd6 16. Rad1 Qe6 17. Qf3 Nd4 18. Qf4 Qb6 19. Bxf6 Qxf6 20. Qg3 Nf5 21. Bxf5
Qxf5 22. Rxd5 Qxc2 23. Qh4 Qxb2 24. Ne4 Qxa2 25. Rg5 Bf5 26. Nd6 Qd2 27. f3 Qxg5
28. Qc4 Qd2 29. Re7 Qxd6 30. Qe2 Qd3 31. Qxd3 Bxd3 32. Rxb7 a5 33. Rd7 Bf5 34.
Rd5 a4 35. Rd2 a3 36. Re2 a2 37. Re1 a1=Q 38. Rxa1 Rxa1+ 39. Kh2 Be5+ 40. g3
Ra2+ 41. Kh1 Rb8 42. Kg1 Rb1# {White checkmated} 0-1

[Event "Team 45 45 League T50"]
[Site "Internet Chess Club"]
[Date "2011.08.13"]
[Round "1"]
[White "Superman"]
[Black "justice02"]
[Result "1-0"]
[WhiteElo "1783"]
[BlackElo "1708"]
[Opening "QGD: Marshall defense"]
[ECO "A50"]
[Time "23:02:07"]
[TimeControl "2700+45"]

1. d4 Nf6 2. c4 d5 3. cxd5 Nxd5 4. e4 Nf6 5. Nc3 c6 6. Be2 Qa5 7. Bd2 e6 8. Nf3
Bb4 9. Qc2 Nbd7 10. O-O Qd8 11. a3 Be7 12. e5 Nd5 13. Nxd5 exd5 14. Ne1 Nf8 15.
f4 Ne6 16. Qd3 b6 17. f5 Nxd4 18. e6 Nxe2+ 19. Qxe2 O-O 20. Nd3 Ba6 21. Rf3 Bd6
22. f6 Bxd3 23. Qxd3 fxe6 24. f7+ Rxf7 25. Rxf7 Kxf7 26. Qxh7 Qh8 27. Rf1+ Ke7
28. Bg5+ Kd7 29. Rf7+ Be7 30. Rxe7+ Kd6 31. Qd3 Qh5 32. Qg3+ Kc5 33. Qc3+ Kd6
34. Qb4+ c5 35. Qf4+ Kc6 36. Qa4+ Kd6 37. Qd7+ Ke5 38. Qxe6+ Kd4 39. Qe3+ {Black
resigns} 1-0

[Event "Team 45 45 League T50"]
[Site "Internet Chess Club"]
[Date "2011.08.14"]
[Round "1"]
[White "elessar"]
[Black "makramkozman"]
[Result "1/2-1/2"]
[WhiteElo "1645"]
[BlackElo "1601"]
[Opening "Caro-Kann: closed (Breyer) variation"]
[ECO "B10"]
[Time "08:03:22"]
[TimeControl "2700+45"]

1. e4 c6 2. d3 d5 3. Nd2 e5 4. Ngf3 Bg4 5. h3 Bxf3 6. Qxf3 Nf6 7. Qe2 Qc7 8. g3
Be7 9. Bg2 O-O 10. O-O a5 11. Re1 Nbd7 12. Nf3 d4 13. Nh4 b5 14. Nf5 Rfe8 15. g4
Nc5 16. g5 Nfd7 17. Qg4 Ne6 18. h4 c5 19. h5 Ndf8 20. Rf1 Qd8 21. Nxe7+ Qxe7 22.
f4 Nxf4 23. Bxf4 exf4 24. Rxf4 Ne6 25. Rf5 Ra7 26. g6 fxg6 27. hxg6 hxg6 28.
Qxg6 Rd8 29. Rh5 Nf8 30. Qg4 Ra6 31. Rf1 Rdd6 32. Rff5 Rg6 33. Qf4 Raf6 34. Rxf6
gxf6 35. Qf5 Rg5 36. Rxg5+ fxg5 37. Bh3 Kg7 38. Kg2 Ng6 39. Qd7 Qxd7 40. Bxd7 b4
41. Kg3 Kf6 42. Bg4 Ke5 43. Bf3 Nf4 44. b3 Ne6 {Game drawn by mutual agreement}
1/2-1/2

[Event "Team 45 45 League T50"]
[Site "Internet Chess Club"]
[Date "2011.08.14"]
[Round "1"]
[White "DaveF"]
[Black "cepheid"]
[Result "1-0"]
[WhiteElo "1527"]
[BlackElo "1615"]
[Opening "Nimzo-Indian: Kmoch variation"]
[ECO "E20"]
[Time "09:00:33"]
[TimeControl "2700+45"]

1. d4 Nf6 2. c4 e6 3. Nc3 Bb4 4. f3 d5 5. a3 Be7 6. e4 dxe4 7. fxe4 e5 8. d5 Bc5
9. Nf3 Bg4 10. h3 Bxf3 11. Qxf3 Nbd7 12. b4 Bd4 13. Bd2 a5 14. bxa5 Nc5 15. Rb1
O-O 16. Bd3 Rxa5 17. Nb5 Ra6 18. Bb4 b6 19. Nxd4 exd4 20. O-O Re8 21. Rbe1 Re5
22. Bc2 Qe8 23. Bxc5 bxc5 24. Rf2 Nd7 25. Qb3 Rb6 26. Qa4 Nf6 27. Qxe8+ Nxe8 28.
Rb1 Nf6 29. Rxb6 cxb6 30. Re2 Kf8 31. Kf2 Ke7 32. Kf3 g5 33. Re1 Kd6 34. g4 Re7
35. Rb1 Rb7 36. a4 Kc7 37. e5 Nd7 38. Ke4 f6 39. e6 Ne5 40. Bd3 Kd6 41. a5 Nxd3
42. Kxd3 b5 43. cxb5 Kxd5 44. a6 c4+ 45. Kd2 Rb6 46. a7 {Black resigns} 1-0

[Event "Team 45 45 League T50"]
[Site "Internet Chess Club"]
[Date "2011.08.14"]
[Round "1"]
[White "Gilguli"]
[Black "lechuguita"]
[Result "0-1"]
[WhiteElo "1418"]
[BlackElo "1380"]
[Opening "QGD Slav: 4.Nc3"]
[ECO "D15"]
[Time "14:30:23"]
[TimeControl "2700+45"]

1. d4 d5 2. Nf3 Nf6 3. c4 c6 4. Nc3 a6 5. h3 dxc4 6. Bf4 Nbd7 7. e3 b5 8. a4 b4
9. Na2 e6 10. Bxc4 c5 11. O-O Bb7 12. dxc5 Bxc5 13. Rc1 O-O 14. Nd4 a5 15. Nb5
Qb6 16. Rc2 Qc6 17. f3 Rad8 18. Rd2 Qb6 19. Nd4 e5 20. Kh1 exf4 21. e4 Nh5 22.
Re1 Ng3+ 23. Kh2 Ne5 24. Nc1 Nxc4 {White resigns} 0-1

[Event "Team 45 45 League T50"]
[Site "Internet Chess Club"]
[Date "2011.08.13"]
[Round "1"]
[White "rayonline53"]
[Black "rahulr"]
[Result "0-1"]
[WhiteElo "1620"]
[BlackElo "1602"]
[Opening "Alekhine's defense: four pawns attack, 7.Be3"]
[ECO "B03"]
[Time "11:03:48"]
[TimeControl "2700+45"]

1. e4 Nf6 2. e5 Nd5 3. d4 d6 4. c4 Nb6 5. f4 dxe5 6. fxe5 Nc6 7. Be3 Bf5 8. Nc3
e6 9. Nf3 Be7 10. d5 exd5 11. cxd5 Nb4 12. Nd4 Bd7 13. e6 fxe6 14. dxe6 Bc6 15.
Qg4 Bf6 16. O-O-O N4d5 17. Nf5 g6 18. Nh6 Nxe3 19. Rxd8+ Rxd8 20. Qf4 Nbd5 21.
Qf2 Rf8 22. Nf7 Bg5 23. Kb1 Nxc3+ 24. bxc3 Rd1+ 25. Kb2 Nxf1 26. Qxa7 Bc1+ 27.
Kb3 Bd5+ 28. Kb4 Bxe6 29. Ne5 Rf4+ 30. Kb5 Rd5+ {White resigns} 0-1

[Event "Team 45 45 League T50"]
[Site "Internet Chess Club"]
[Date "2011.08.14"]
[Round "1"]
[White "Zugzwanged"]
[Black "Giacometti"]
[Result "1-0"]
[WhiteElo "1611"]
[BlackElo "1650"]
[Opening "Caro-Kann: advance variation"]
[ECO "B12"]
[Time "09:01:40"]
[TimeControl "2700+45"]

1. e4 c6 2. d4 d5 3. e5 c5 4. dxc5 e6 5. Be3 Nd7 6. Bb5 Qc7 7. Nf3 Bxc5 8. Qe2
Ne7 9. Nc3 O-O 10. O-O Ng6 11. Bxc5 Qxc5 12. Bd3 b6 13. Bxg6 hxg6 14. Nb5 Ba6
15. a4 Rfc8 16. c3 Bxb5 17. axb5 Qc7 18. Ra3 Nc5 19. Rfa1 Qd7 20. Nd4 Rc7 21.
Nc6 a5 22. b4 Nb7 23. bxa5 Nxa5 24. Qe3 Rxc6 25. bxc6 Qxc6 26. Qd3 Rc8 27. h3
Nc4 28. Ra7 Nxe5 29. Qd4 Qxc3 30. Qxb6 g5 31. Qb7 Rf8 32. R7a3 Qd4 33. Qb3 Nc4
34. Ra4 Qf6 35. Qg3 Kh7 36. Ra8 Rxa8 37. Rxa8 Ne5 38. Ra4 Nc4 39. Qg4 Ne5 40.
Qh5+ Qh6 41. Qxh6+ gxh6 42. Kf1 Kg6 43. Ke2 h5 44. Ke3 Kf6 45. Ra8 h4 46. g4 Ng6
47. Kd4 Nf4 48. Ra3 e5+ 49. Kc5 d4 50. Ra6+ Ne6+ 51. Kd5 d3 52. Ke4 d2 53. Rd6
d1=Q 54. Rxd1 Nf4 55. Rd6+ Kg7 56. Kxe5 Nxh3 57. f3 Nf4 58. Kf5 Ne6 59. Rd2 Kf8
60. Kf6 Ke8 61. Re2 Kd7 62. Kxf7 Nf4 63. Rh2 Kd6 64. Kf6 Kd5 65. Kxg5 Ke5 66.
Kxh4 Kf6 67. Ra2 Ng6+ 68. Kg3 Kg5 69. Ra5+ {Black resigns} 1-0

[Event "Team 45 45 League T50"]
[Site "Internet Chess Club"]
[Date "2011.08.12"]
[Round "1"]
[White "Kristian1974"]
[Black "MasterOfTheKeys"]
[Result "1-0"]
[WhiteElo "1628"]
[BlackElo "1665"]
[Opening "Trompowsky attack (Ruth, Opocenský opening)"]
[ECO "A45"]
[Time "14:30:11"]
[TimeControl "2700+45"]

1. d4 Nf6 2. Bg5 d5 3. Bxf6 gxf6 4. e3 Bf5 5. Nf3 e6 6. Nbd2 c5 7. c4 dxc4 8.
Bxc4 Qc7 9. Bb5+ Nd7 10. Rc1 Be7 11. Qa4 a6 12. Bxd7+ Qxd7 13. Qxd7+ Kxd7 14.
dxc5 Rhc8 15. b4 Bd3 16. Rc3 Bb5 17. Nd4 Bc6 18. Nxc6 Rxc6 19. Nc4 Ke8 20. Ke2
Rac8 21. Rd3 Rd8 22. Rhd1 Rxd3 23. Rxd3 Rc7 24. Rd4 Rd7 25. Rh4 Rd5 26. Rxh7 Kf8
27. Rh8+ Kg7 28. Rb8 Rd7 29. Na5 b5 30. Ra8 Rc7 31. Rxa6 Bxc5 32. bxc5 Rxc5 33.
Rc6 Rd5 34. Nb3 Rd7 35. Rb6 Ra7 36. Nc1 Ra5 37. Rd6 f5 38. Rd2 Ra6 39. Rb2 Rb6
40. f4 f6 41. Nb3 e5 42. Nc5 b4 43. Nd3 {Black resigns} 1-0

[Event "Team 45 45 League T50"]
[Site "Internet Chess Club"]
[Date "2011.08.14"]
[Round "1"]
[White "Virtuose"]
[Black "doublepar"]
[Result "0-1"]
[WhiteElo "1286"]
[BlackElo "1474"]
[Opening "King's knight's gambit"]
[ECO "C38"]
[Time "09:15:26"]
[TimeControl "2700+45"]

1. e4 e5 2. f4 exf4 3. Nf3 g5 4. Bc4 Bg7 5. d4 d6 6. O-O Nc6 7. a3 Qe7 8. c3 g4
9. Ne1 Nf6 10. Rxf4 Bd7 11. Nd3 O-O-O 12. Nb4 Rde8 13. a4 Nxb4 14. cxb4 d5 15.
exd5 Qxb4 16. Qb3 Qe1+ 17. Rf1 Qe4 18. Be3 Qxe3+ 19. Qxe3 Rxe3 20. Nc3 Rf8 21.
Rae1 Rxe1 22. Rxe1 Nh5 23. Re7 Bxd4+ 24. Kf1 Bxc3 25. bxc3 Kd8 26. Re2 Re8 27.
Rb2 b6 28. Bb5 Re5 29. c4 Bxb5 30. Rxb5 a6 31. Rb3 Kd7 32. Kf2 Kd6 33. h3 gxh3
34. Rxh3 Kc5 35. Rh4 Kb4 36. g4 Nf6 37. Kf3 Re4 38. Rh6 Nxg4 39. Rxh7 Rxc4 40.
Rxf7 Ne5+ {White resigns} 0-1

[Event "Team 45 45 League T50"]
[Site "Internet Chess Club"]
[Date "2011.08.12"]
[Round "1"]
[White "kingsrook"]
[Black "mrmarck"]
[Result "1-0"]
[WhiteElo "1351"]
[BlackElo "1306"]
[Opening "King's Indian: London system"]
[ECO "A48"]
[Time "19:01:07"]
[TimeControl "2700+45"]

1. d4 Nf6 2. Nf3 g6 3. Bf4 d6 4. h3 Bg7 5. e3 Nc6 6. c4 e6 7. Nc3 d5 8. Bd3 O-O
9. a3 dxc4 10. Bxc4 Na5 11. Bd3 b6 12. O-O Bb7 13. Rc1 Nc6 14. b4 Nd5 15. Nxd5
Qxd5 16. Qc2 Rac8 17. Be4 Qb5 18. Bxc6 Ba6 19. Bxb5 {Black resigns} 1-0

[Event "Team 45 45 League T50"]
[Site "Internet Chess Club"]
[Date "2011.08.14"]
[Round "1"]
[White "BosqueVerde"]
[Black "KidRattler"]
[Result "0-1"]
[WhiteElo "1197"]
[BlackElo "1223"]
[Opening "QGD: 3...Nf6"]
[ECO "D35"]
[Time "13:29:29"]
[TimeControl "2700+45"]

1. d4 d5 2. c4 Nf6 3. Nc3 e6 4. a3 Be7 5. cxd5 exd5 6. Nf3 Nc6 7. Qc2 Bd7 8. Bf4
Bg4 9. Ne5 Nxd4 10. Qa4+ Nc6 11. e3 Bd7 12. Bb5 O-O 13. O-O Nxe5 14. Bxe5 Bxb5
15. Qxb5 Rb8 16. Rad1 c6 17. Qd3 Bd6 18. Bxd6 Qxd6 19. h3 Qe6 20. Rfe1 Ne4 21.
Nxe4 Qxe4 22. Qe2 g6 23. Rd4 Qe6 24. b4 Rfe8 25. Qf3 Kg7 26. Re2 Qf6 27. Rf4 Qe6
28. e4 b6 29. exd5 Qxe2 30. Rxf7+ Kg8 31. Qf6 Qe1+ 32. Kh2 Qe5+ 33. f4 Qxf6 34.
Rxf6 cxd5 {White resigns} 0-1